 Dungeon Crawl Stone Soup version 0.24-a0-201-gf205589 (webtiles) character file.

Game seed: 14951913782196905759

4279 Borgoz the Nimble (level 10, -3/69 HPs)
             Began as a Ghoul Enchanter on Mar 24, 2019.
             Was a Follower of Ashenzari.
             Slain by a two-headed ogre
             ... wielding a cursed -1 giant club
              (21 damage)
             ... on level 10 of the Dungeon.
             The game lasted 00:20:00 (8516 turns).

Borgoz the Nimble (Ghoul Enchanter)                 Turns: 8516, Time: 00:20:01

Health: -3/69      AC: 13    Str: 18    XL:     10   Next: 32%
Magic:  11/11      EV: 10    Int: 10    God:    Ashenzari [*.....]
Gold:   360        SH:  0    Dex: 11    Spells: 6/12 levels left

rFire    + + +     SeeInvis .   a - +7 short sword of Fibezoth {pierce, +Inv rElec rF++ Stlth-}
rCold    + + .     Gourm    .   (no shield)
rNeg     + + +     Faith    .   j - +1 chain mail
rPois    ∞         Spirit   .   f - +0 helmet
rElec    +         Reflect  .   x - scarf {rC+ rF+}
rCorr    +         Harm     .   (no gloves)
MR       .....                  (no boots)
Stlth    ..........             (no amulet)
HPRegen  0.00/turn              c - ring of resist corrosion
MPRegen  0.12/turn              q - +4 ring of strength

@: rotting
A: rotting body, claws 1, carnivore, cold resistance 1, negative energy
resistance 3, inhibited regeneration, torment resistance, unbreathing
a: Curse Item, Scrying, Renounce Religion, Evoke Invisibility


You were on level 10 of the Dungeon.
You worshipped Ashenzari.
Ashenzari was aware of your devotion.
You were not hungry.

You visited 2 branches of the dungeon, and saw 11 of its levels.

You collected 528 gold pieces.
You spent 168 gold pieces at shops.

Inventory:

Hand Weapons
 a - the +7 short sword of Fibezoth (weapon) {pierce, +Inv rElec rF++ Stlth-}
   (You bought it in a shop on level 5 of the Dungeon)

   It inflicts extra damage upon your enemies.
   It greatly protects you from fire.
   It insulates you from electricity.
   It lets you turn invisible.
   It makes you less stealthy.
 b - a +0 blowgun
 m - a +1 dagger of electrocution
Missiles
 e - 54 poisoned needles
 u - 13 tomahawks (quivered)
 G - 7 silver javelins
Armour
 f - a +0 helmet (worn)
 j - a +1 chain mail (worn)
 x - a scarf of resistance (worn)
 E - a +2 chain mail of fire resistance
Jewellery
 c - a ring of resist corrosion (left claw)
 q - a +4 ring of strength (right claw)
Wands
 k - a wand of enslavement (6)
 t - a wand of acid (4)
 y - a wand of disintegration (4)
 K - a wand of paralysis (8)
 O - a wand of iceblast (7)
Scrolls
 g - 2 scrolls of amnesia {unknown}
 h - 5 scrolls of identify
 i - 12 scrolls of remove curse
 l - 4 scrolls of enchant armour
 n - 2 scrolls of enchant weapon {unknown}
 o - 2 scrolls of blinking {unknown}
 s - 2 scrolls of magic mapping {unknown}
 v - a scroll of random uselessness {unknown}
 z - 3 scrolls of noise
 C - 2 scrolls of teleportation {unknown}
 H - 2 scrolls of fog {unknown}
 L - a scroll of fear {unknown}
 N - 2 scrolls of immolation {unknown}
Potions
 p - a potion of heal wounds {unknown}
 r - a potion of lignification {unknown}
 w - a potion of flight
 A - a potion of mutation
 D - 2 potions of curing
 F - 2 potions of degeneration
 I - a potion of berserk rage {unknown}
 J - a potion of haste {unknown}
 M - a potion of cancellation {unknown}
Comestibles
 d - 15 rations
 B - 6 chunks of flesh


   Skills:
 + Level 7.8 Short Blades
 + Level 7.7 Armour
 + Level 8.0 Dodging
 - Level 3.2 Stealth
 - Level 1.7 Spellcasting
 - Level 2.4 Hexes


You had 6 spell levels left.
You knew the following spells:

 Your Spells              Type           Power        Failure   Level  Hunger
a - Corona                Hex            #......      75%         1    ##.....
b - Ensorcelled Hibernat  Hex/Ice        #.....       96%         2    ###....
c - Confuse               Hex            #.......     98%         3    ####...

Your spell library contained the following spells:

 Spells                   Type           Power        Failure   Level  Hunger
 Tukima's Dance           Hex            #.......     98%         3    ####...
 Dazzling Spray           Conj/Hex       #.....       99%         3    ####...


Dungeon Overview and Level Annotations

Branches:
Dungeon (10/15)            Temple (1/1) D:7
   Lair: D:8-11         Orc: D:9-12

Altars:
Ashenzari
Cheibriados
Dithmenos
Elyvilon
Fedhas
Gozag
Hepliaklqana
Kikubaaqudgha
Makhleb
Nemelex Xobeh
Okawaru
Qazlal
Ru
Sif Muna
Trog
Uskayaw
Vehumet
Wu Jian
Xom
Yredelemnul
Zin
The Shining One

Shops:
D:5 (   D:8 =


Innate Abilities, Weirdness & Mutations

Your body is rotting away.
You thrive on raw meat.
You are immune to poison.
You have sharp fingernails.
You are carnivorous and can eat meat at any time.
Your flesh is cold resistant. (rC+)
You are immune to negative energy. (rN+++)
You do not regenerate when monsters are visible.
You are immune to unholy pain and torment.
You can survive without breathing.


Message History

As you read the scroll labeled GUMUF GIGROATH, it crumbles to dust.
It is a scroll of enchant armour.
Your +0 chain mail glows green for a moment.
The howler monkey hits you but does no damage.
As you read the scroll labeled KAAB VASAGIO, it crumbles to dust.
It is a scroll of identify.
F - 2 potions of degeneration The howler monkey hits you but does no damage.
As you read the scroll labeled VUUNNA QOURE, it crumbles to dust.
You hear a loud clanging noise!
It was a scroll of noise.
You hear a screech!
The howler monkey misses you. The two-headed ogre closely misses you.
The two-headed ogre hits you with a +0 giant spiked club!!
Unknown command.
The howler monkey hoots and howls with incredible vigour!
The two-headed ogre hits you with a cursed -1 giant club!
* * * LOW HITPOINT WARNING * * *
The two-headed ogre hits you with a +0 giant spiked club!!
You die...

......# .. #. .# .....#
... #.#.#. #....# ....
#.#.#. #....# ....##.#.#.
#....# ......... #....#
#....... #.†h.# #..<....
#####..TS# #...)...
+.......O@# #.......
#.........# #......)
#........####+#####......)
#.................#.......
#.................###.#.#)
#.................# #.#..)
#.................###.###.
#......................##.
#......................###


You could see a two-headed ogre, a troll, a water moccasin and a howler monkey.

Vanquished Creatures
  Grinder (D:6)
  2 hippogriffs
  2 hungry ghosts (D:9)
  Duvessa (D:6)
  2 water moccasins
  3 sky beasts
  A black bear (D:8)
  2 phantoms
  5 ogres
  A crocodile (D:9)
  4 centaurs
  3 bullfrogs
  A big kobold (D:10)
  4 scorpions
  Dowan (D:6)
  A howler monkey (D:8)
  2 crimson imps
  A centaur zombie (D:10)
  3 hounds
  7 orc wizards
  2 centaur skeletons (D:5)
  5 orc priests
  A bullfrog skeleton (D:5)
  2 iguanas
  10 worker ants
  2 hound skeletons
  3 gnolls (D:2)
  9 adders
  2 howler monkey skeletons
  An ooze (D:3)
  An adder skeleton (D:7)
  2 adder zombies (D:9)
  3 worms
  5 leopard geckos
  36 orcs
  5 bats
  5 giant cockroaches
  10 hobgoblins
  12 jackals
  5 quokkas
  3 ball pythons
  5 frilled lizards
  5 goblins
  20 kobolds
  3 rats
  A spectral orc (D:5)
205 creatures vanquished.

Vanquished Creatures (others)
  An orc wizard (D:9)
1 creature vanquished.

Grand Total: 206 creatures vanquished

Notes
Turn   | Place    | Note
-------+----------+-------------------------------------------
     0 | D:1      | Borgoz the Ghoul Enchanter began the quest for the Orb.
     0 | D:1      | Reached XP level 1. HP: 14/14 MP: 2/2
   132 | D:1      | Reached skill level 1 in Short Blades
   310 | D:1      | Reached skill level 2 in Dodging
   606 | D:1      | Reached XP level 2. HP: 16/20 MP: 3/3
  1155 | D:2      | Reached skill level 1 in Armour
  1533 | D:2      | Reached XP level 3. HP: 20/26 MP: 4/4
  1567 | D:2      | Reached XP level 4. HP: 11/32 MP: 5/5
  1743 | D:2      | Found a bloodstained altar of Trog.
  1804 | D:2      | Reached XP level 5. HP: 24/38 MP: 6/6
  1953 | D:2      | Reached skill level 3 in Dodging
  1970 | D:2      | Found a faded altar of an unknown god.
  2140 | D:2      | Found an ornate altar of the Wu Jian Council.
  2574 | D:3      | Found a bloodstained altar of Trog.
  2581 | D:3      | Found a hazy altar of Hepliaklqana.
  2697 | D:3      | Found a shadowy altar of Dithmenos.
  2969 | D:4      | Noticed an ogre
  2971 | D:4      | Killed an ogre
  2971 | D:4      | Reached XP level 6. HP: 45/45 MP: 7/7
  3132 | D:4      | Reached skill level 4 in Dodging
  3138 | D:4      | Reached XP level 7. HP: 50/50 MP: 8/8
  3621 | D:4      | Found a stormy altar of Qazlal.
  3661 | D:5      | Entered Level 5 of the Dungeon
  3765 | D:5      | Found a glowing golden altar of the Shining One.
  3783 | D:5      | Found Vuiraub's Antique Weapon Boutique.
  3793 | D:5      | Bought a translucent short sword for 168 gold pieces
  3848 | D:5      | Reached XP level 8. HP: 42/57 MP: 9/9
  3958 | D:5      | Reached skill level 5 in Dodging
  3995 | D:5      | Found an opulent altar of Gozag.
  4254 | D:5      | Found a burning altar of Makhleb.
  4538 | D:5      | Reached skill level 5 in Short Blades
  4694 | D:5      | Found a basalt altar of Yredelemnul.
  4752 | D:6      | Reached skill level 5 in Armour
  4826 | D:6      | Noticed Grinder
  4830 | D:6      | Killed Grinder
  4993 | D:6      | Noticed Dowan
  4993 | D:6      | Noticed Duvessa
  5048 | D:6      | Killed Dowan
  5080 | D:6      | Killed Duvessa
  5080 | D:6      | Reached skill level 6 in Dodging
  5317 | D:7      | Reached XP level 9. HP: 21/61 MP: 10/10
  5563 | D:7      | Found a sparkling altar of Nemelex Xobeh.
  5567 | D:7      | Learned a level 2 spell: Ensorcelled Hibernation
  5571 | D:7      | Learned a level 3 spell: Confuse
  5893 | D:7      | Found a staircase to the Ecumenical Temple.
  5916 | Temple   | Entered the Ecumenical Temple
  5948 | Temple   | Became a worshipper of Ashenzari the Shackled
  6801 | D:8      | Found Honut's Jewellery Emporium.
  6923 | D:8      | Reached skill level 7 in Dodging
  7170 | D:8      | Found an iron altar of Okawaru.
  7302 | D:8      | Found a sacrificial altar of Ru.
  7556 | D:9      | Reached * piety under Ashenzari
  7645 | D:9      | Found a radiant altar of Vehumet.
  7794 | D:9      | Reached XP level 10. HP: 41/69 MP: 11/11
  8300 | D:10     | Entered Level 10 of the Dungeon
  8335 | D:10     | Reached skill level 8 in Dodging
  8465 | D:10     | Identified the +7 short sword of Fibezoth {pierce, +Inv
                  | rElec rF++ Stlth-} (You bought it in a shop on level 5 of
                  | the Dungeon)
  8510 | D:10     | Noticed a two-headed ogre
  8516 | D:10     | Slain by a two-headed ogre

Levels and vault maps discovered:
D:1:      scummos_arrival_simple_fountains, layout_rooms, st_stairs_12,
          chequers_serial_rivers_small_3
D:2:      minmay_kobold_bridge, layout_basic, marbit_many_paths,
          chequers_ecumenical_altar_simple, trog_hazing_becter
D:3:      layout_basic, lemuel_crystal_altar, amethyst_overflow_temple_binary
D:4:      layout_loops_cross, kennysheep_mini_moat
D:5:      layout_basic, kennysheep_little_box,
          yredelemnul_forgotten_temple_becter, overflow_temple_1_default,
          grunt_gozag_statues, first_ration, serial_shops,
          nicolae_shop_temple_entry_statues_fountains
D:6:      layout_rooms, patterned_corridor, uniq_duvessa, uniq_grinder
D:7:      layout_cave_pods, nicolae_overflow_hidden_temple,
          minmay_temple_entry_ruins
D:8:      layout_basic, lemuel_coloured_pillars_altar, okawaru_metal_pillars_3,
          serial_shops, nicolae_shop_stone
D:9:      layout_roguey, lemuel_round_altar
D:10:     layout_basic, minmay_sticks_and_stones
Temple:   jpeg_temple_island

Skill      XL: |  1  2  3  4  5  6  7  8  9 10 |
---------------+-------------------------------+-----
Short Blades   | 1 2 3 4 5 7 |  7.8
Dodging        | 2 3 4 6 7 8 |  8.0
Armour         | 1 2 3 4 5 7 |  7.7
Stealth        | |  3.2
Spellcasting   | |  1.7
Hexes          | |  2.4

Action                   |  1- 3 |  4- 6 |  7- 9 | 10-12 || total
-------------------------+-------+-------+-------+-------++-------
Melee: Dagger            |   163 |   202 |   621 |   228 ||  1214
       Short sword       |       |       |       |    10 ||    10
Evoke: Wand              |       |     2 |     9 |       ||    11
  Use: Potion            |     3 |       |     5 |       ||     8
       Scroll            |       |       |     1 |     3 ||     4
 Stab: Sleeping          |     1 |       |       |       ||     1
       Invisible         |     1 |       |       |       ||     1
  Eat: Chunk             |     8 |    16 |    48 |    17 ||    89
Armor: Robe              |    24 |       |       |       ||    24
       Chain mail        |    55 |   111 |   249 |    75 ||   490
Dodge: Dodged            |    69 |    59 |   169 |    71 ||   368

Table legend:
 A = Non-vault XP
 B = Vault XP
 C = Vault XP percentage of total XP
 D = Non-vault monster count
 E = Vault monster count
 F = Vault count percentage of total count
                 A         B        C        D         E       F
            +---------+---------+-------+---------+---------+-------
      Total |    5575 |     539 |   8.8 |     189 |      17 |   8.3
            +---------+---------+-------+---------+---------+-------
        D:1 |      16 |       4 |  20.0 |      12 |       2 |  14.3
        D:2 |     185 |      30 |  14.0 |      24 |      11 |  31.4
        D:3 |      37 |       0 |   0.0 |      10 |       0 |   0.0
        D:4 |     553 |       0 |   0.0 |      27 |       0 |   0.0
        D:5 |     803 |       1 |   0.1 |      23 |       1 |   4.2
        D:6 |     169 |     504 |  74.9 |       7 |       3 |  30.0
        D:7 |     961 |       0 |   0.0 |      22 |       0 |   0.0
        D:8 |     871 |       0 |   0.0 |      24 |       0 |   0.0
        D:9 |    1440 |       0 |   0.0 |      28 |       0 |   0.0
       D:10 |     540 |       0 |   0.0 |      12 |       0 |   0.0
            +---------+---------+-------+---------+---------+-------
